 Dungeon Crawl Stone Soup version 0.28-a0-691-gad6df49e81 (webtiles) character file.

Game seed: 11191887001322389045

347 Twinkles the Skirmisher (level 6, -3/49 HPs)
             Began as a Human Berserker on Oct 22, 2021.
             Was an Elder of Trog.
             Slain by a wraith (8 damage)
             ... on level 4 of the Dungeon.
             The game lasted 00:15:06 (5202 turns).

Twinkles the Skirmisher (Human Berserker)           Turns: 5202, Time: 00:15:07

Health: -3/49      AC: 10    Str: 19    XL:     6   Next: 90%
Magic:  6/6        EV:  8    Int:  7    God:    Trog [****..]
Gold:   255        SH:  3    Dex: 13    Spells: 5/5 levels left

rFire   . . .      SeeInvis +   a - +0 mace
rCold   . . .      Faith    .   A - +0 buckler
rNeg    . . .      Spirit   .   i - +0 chain mail
rPois   +          Reflect  .   (no helmet)
rElec   .          Harm     .   C - +0 cloak
rCorr   .          Rampage  .   (no gloves)
Will    .....                   (no boots)
Stlth   ..........              (no amulet)
HPRegen 0.16/turn               m - ring of see invisible
MPRegen 0.10/turn               r - ring of poison resistance

@: on berserk cooldown, slowed, very slow
A: no striking features
a: Renounce Religion, Berserk, Trog's Hand, Brothers in Arms


You were on level 4 of the Dungeon.
You worshipped Trog.
Trog was greatly pleased with you.
You visited 1 branch of the dungeon, and saw 5 of its levels.

You collected 255 gold pieces.

Inventory:

Hand Weapons
 a - a +0 mace (weapon)
 q - a +0 war axe
 z - a +0 hunting sling
Missiles
 s - 198 stones (quivered)
 B - 4 datura-tipped darts
 D - 19 poisoned darts
Armour
 b - a +0 animal skin
 c - a +0 ring mail
 i - a +0 chain mail (worn)
 A - a +0 buckler (worn)
 C - a +0 cloak (worn)
Jewellery
 m - a ring of see invisible (left hand)
 r - a ring of poison resistance (right hand)
 t - a ring of positive energy
 u - an amulet of the acrobat
 y - a ring of willpower
Scrolls
 d - 2 scrolls of enchant weapon {unknown}
 g - 2 scrolls of blinking {unknown}
 h - a scroll of holy word {unknown}
 j - 4 scrolls of identify {unknown}
 l - a scroll of silence {unknown}
 n - 2 scrolls of teleportation {unknown}
 o - a scroll of amnesia {unknown}
 v - 2 scrolls of enchant armour {unknown}
 X - 2 scrolls of magic mapping
Potions
 f - 2 potions of flight {unknown}
 k - 3 potions of curing {unknown}
 p - a potion of invisibility {unknown}
 w - a potion of magic {unknown}
 x - 2 potions of heal wounds {unknown}


   Skills:
 + Level 4.4 Fighting
 + Level 4.3 Maces & Flails
 + Level 3.7 Armour
 + Level 3.7 Dodging


You had 5 spell levels left.
You didn't know any spells.
Your spell library was empty.

Dungeon Overview and Level Annotations

Branches:
Dungeon (5/15)             Temple (0/1) D:5

Altars:

Annotations:
D:5 Menkaure


Message History

The adder barely misses you. The hound bites you but does no damage.
The wraith hits you but does no damage.
You barely miss the adder.
The adder is almost dead.
The hound bites you but does no damage. The adder misses you.
You miss the adder.
The adder is severely wounded.
The hound closely misses you. The adder bites you but does no damage.
The wraith hits you but does no damage. The hound bites you but does no damage.
You hit the adder.
You kill the adder!
Trog accepts your kill. The wraith hits you! The hound closely misses you.
You hit the wraith but do no damage.
You are no longer berserk.
You are exhausted.
You feel yourself slow down. The hound bites you.
The orc hits you with a +0 flail. The wraith hits you but does no damage.
The hound barely misses you. The wraith hits you.
The orc hits you with a +0 flail. The hound barely misses you.
You climb upwards.
There is a stone staircase leading down here.
As you read the scroll labelled CABYPN TOGOANN, it crumbles to dust.
You feel momentarily disoriented.
It was a scroll of magic mapping.
X - 2 scrolls of magic mapping The hound bites you.
You block the wraith's attack. The orc hits you with a +0 flail.
The hound bites you but does no damage. The wraith hits you but does no damage.
The orc hits you with a +0 flail.
* * * LOW HITPOINT WARNING * * *
The hound closely misses you. The hound barely misses you. The wraith hits you.
* * * LOW HITPOINT WARNING * * *
The wraith drains your vigour!
You feel as though you will be slow longer.
You block the hound's attack. The hound bites you.
* * * LOW HITPOINT WARNING * * *
The wraith hits you!
You die...

#..........#...............#...<
#..........'...............#....
#..........#...............#....
#..........#.>.....#######'#....
#....##...##.......##......#....
#....##...##.......##......#....
#..........#.......#.......#....
#..........'.....).#.......#....
#..........#...@...#.......#....
#....##...##..ohW..##......#....
#....##...##...>...##......#....
#....##....................#....
#....##...##.......##......#....
#.........##.......##......'....
#....#######........').....#....
#....##...##......)##......#....
#..................##......#....


You could see a wraith, a hound and an orc.

Vanquished Creatures
  A bullfrog skeleton (D:4)
  An iguana (D:4)
  Robin (D:4)
  3 gnolls (D:4)
  12 adders
  2 ufetubi (D:4)
  An adder skeleton (D:4)
  A worm (D:2)
  2 dart slugs (D:4)
  8 orcs
  3 bats (D:3)
  9 endoplasms
  5 giant cockroaches
  20 goblins
  12 hobgoblins
  2 jackals (D:1)
  10 kobolds
  5 quokkas
  8 ball pythons
  4 frilled lizards
  6 rats
116 creatures vanquished.

Notes
Turn   | Place    | Note
-------+----------+-------------------------------------------
     0 | D:1      | Twinkles the Human Berserker began the quest for the Orb.
     0 | D:1      | Reached XP level 1. HP: 18/18 MP: 1/1
   157 | D:1      | Reached XP level 2. HP: 24/24 MP: 2/2
   440 | D:1      | Reached XP level 3. HP: 25/29 MP: 3/3
   526 | D:1      | Reached ** piety under Trog
  1510 | D:2      | HP: 8/29 [poisoned by a goblin]
  1515 | D:2      | HP: 3/29 [poisoned by a goblin]
  1888 | D:2      | Reached XP level 4. HP: 11/35 MP: 4/4
  2720 | D:3      | Reached XP level 5. HP: 42/42 MP: 5/5
  3314 | D:3      | Reached *** piety under Trog
  3689 | D:4      | Noticed Robin
  3935 | D:4      | Killed Robin
  4222 | D:4      | Reached XP level 6. HP: 35/48 MP: 6/6
  4948 | D:4      | Reached **** piety under Trog
  5172 | D:5      | Entered Level 5 of the Dungeon
  5172 | D:5      | Noticed Menkaure
  5172 | D:5      | Found a staircase to the Ecumenical Temple.
  5183 | D:5      | Noticed a wraith
  5200 | D:4      | HP: 12/49 [orc (3)]
  5202 | D:4      | HP: 5/49 [hound (3)]
  5202 | D:4      | Slain by a wraith

Illustrated notes

Levels and vault maps discovered:
D:1:      tarquinn_simple_flora_water_e, layout_loops_ring
D:2:      layout_loops_cross, grunt_ministairs_8
D:3:      cheibrodos_old_hovel, layout_rooms, corexii_leaking_fountain,
          minivault_23
D:4:      layout_gridville, minmay_fountain_box, minmay_joined_circles,
          uniq_robin
D:5:      layout_rooms, minmay_temple_entry_gardened_gates, enter_ossuary_5,
          hangedman_decor_peaks_small, st_stairs_5, dk_vineyard_3,
          minmay_manual_mess, uniq_prince_ribbit1, uniq_menkaure

Skill      XL: |  1  2  3  4  5 |
---------------+----------------+-----
Dodging        | 3 |  3.7
Armour         | 3 |  3.7
Fighting       | 4 |  4.4
Maces & Flails | 4 |  4.3

Action                   |  1- 3 |  4- 6 || total
-------------------------+-------+-------++-------
Melee: Mace              |   126 |   252 ||   378
Invok: Berserk           |     1 |    13 ||    14
       Trog's Hand       |       |     1 ||     1
  Use: Scroll            |       |     1 ||     1
Armor: Ring mail         |    31 |       ||    31
       Chain mail        |    20 |   171 ||   191
Dodge: Dodged            |    46 |   127 ||   173
Block: Buckler           |       |    22 ||    22

Table legend: (Time is in decaauts)
 A = Elapsed time spent in this place.
 B = Non-inter-level travel time spent in this place.
 C = Inter-level travel time spent in this place.
 D = Time resting spent in this place.
 E = Time spent auto-exploring this place.
 F = Levels seen in this place.
 G = Mean time per level.
                   A        B        C        D        E       F      G
               +--------+--------+--------+--------+--------+-----+--------+
         Total |   5403 |   4898 |    505 |   1177 |   2722 |   5 | 1080.6 |
       Dungeon |   5403 |   4898 |    505 |   1177 |   2722 |   5 | 1080.6 |
               +--------+--------+--------+--------+--------+-----+--------+

Top non-repeatable levels by time:
     D:1: 1465 daAuts
     D:3: 1437 daAuts
     D:2: 1256 daAuts
     D:4: 1227 daAuts
     D:5: 16 daAuts
